 Dungeon Crawl Stone Soup version 0.28-a0-1435-g82390b3a13 (webtiles) character file.

Game seed: 10101989004039120545

19499 Lekart the Fighter (level 12, -2/107 HPs)
             Began as a Pale Draconian Fighter on Jan 9, 2022.
             Was a Priest of the Shining One.
             Slain by Snorg (9 damage)
             ... on level 13 of the Dungeon.
             The game lasted 00:16:55 (14218 turns).

Lekart the Fighter (Pale Draconian Fighter)        Turns: 14218, Time: 00:16:56

Health: -2/107     AC: 15    Str: 25    XL:     12   Next: 37%
Magic:  20/20      EV: 15    Int:  9    God:    the Shining One [***...]
Gold:   562        SH:  7    Dex: 18    Spells: 17/21 levels left

rFire   . . .      SeeInvis .   h - +7 trident of the Throat {protect, rPois Str+6 Dex+3}
rCold   . . .      Faith    .   b - +1 buckler
rNeg    + . .      Spirit   .   (armour unavailable)
rPois   +          Reflect  .   (helmet restricted)
rElec   .          Harm     .   (no cloak)
rCorr   .          Rampage  .   (no gloves)
Will    .....                   (no boots)
Stlth   +.........              (no amulet)
HPRegen 0.27/turn               (no ring)
MPRegen 0.17/turn               (no ring)

@: under a protective aura, glowing
A: breathe steam, AC +8, unfitting armour, cold-blooded, steam resistance
a: Breathe Steam, Renounce Religion, Divine Shield, Cleansing Flame


You were on level 13 of the Dungeon.
You worshipped the Shining One.
The Shining One was most pleased with you.
You visited 2 branches of the dungeon, and saw 14 of its levels.

You collected 562 gold pieces.

Inventory:

Hand Weapons
 a - a +0 long sword
 c - a +2 trident of flaming
 h - the +7 trident of the Throat (weapon) {protect, rPois Str+6 Dex+3}
   (You found it on level 4 of the Dungeon)

   It grants its wielder temporary protection when it strikes (+7 to AC).
   Str:       It affects your strength (+6).
   Dex:       It affects your dexterity (+3).
   rPois:     It protects you from poison.
Armour
 b - a +1 buckler (worn)
Jewellery
 j - a +4 ring of protection
Wands
 d - a wand of digging (12)
 n - a wand of flame (21)
 q - a wand of iceblast (9)
Scrolls
 e - a scroll of enchant weapon
 g - 3 scrolls of teleportation
 s - a scroll of magic mapping
 u - a scroll of amnesia
 v - a scroll of fear
 x - a scroll of silence {unknown}
 y - a scroll of identify
Potions
 f - a potion of resistance {unknown}
 i - a potion of curing
 k - 2 potions of attraction
 l - a potion of heal wounds
 m - 2 potions of flight
 o - a potion of brilliance
 p - a potion of magic
 r - a potion of lignification {unknown}
 t - a potion of haste {unknown}
 w - a potion of mutation {unknown}
 z - a potion of might


   Skills:
 * Level 10.4 Fighting
 + Level 5.5 Long Blades
 + Level 9.8 Polearms
 + Level 6.6 Dodging
 + Level 6.1 Shields
 * Level 5.3 Spellcasting
 * Level 6.1 Transmutations
 * Level 6.3 Earth Magic
 * Level 6.8 Invocations
 + Level 0.4 Evocations


You had 17 spell levels left.
You knew the following spells:

 Your Spells              Type           Power      Damage    Failure   Level
a - Passwall              Tmut/Erth      10%        N/A       3%          2
b - Wereblood             Tmut           13%        N/A       3%          2

Your spell library contained the following spells:

 Spells                   Type           Power      Damage    Failure   Level
 Beastly Appendage        Tmut           26%        N/A       2%          1
 Spider Form              Tmut/Pois      7%         N/A       26%         3
 Summon Guardian Golem    Hex/Summ       2%         N/A       65%         3
 Animate Dead             Necr           1%         N/A       96%         4
 Haunt                    Necr/Summ      1%         N/A       100%        7
 Infestation              Necr           1%         N/A       100%        8
 Shatter                  Erth           6%         3d9*      100%        9


Dungeon Overview and Level Annotations

Branches:
Dungeon (13/15)            Temple (1/1) D:6            Lair (0/6) D:8
    Orc (0/2) D:11
 Vaults: D:13-14

Altars:
Ashenzari
Cheibriados
Dithmenos
Elyvilon
Fedhas
Gozag
Hepliaklqana
Kikubaaqudgha
Makhleb
Nemelex Xobeh
Qazlal
Ru
Trog
Uskayaw
Vehumet
Xom
Yredelemnul
Zin
The Shining One

Shops:
D:8 (

Annotations:
D:11 2 transporters, Astera's ghost, journeyman TeGl
D:13 Snorg


Innate Abilities, Weirdness & Mutations

You can breathe blasts of scalding, opaque steam.
Your pale cyan-grey scales are hard. (AC +8)
You cannot fit into any form of body armour.
You are cold-blooded and may be slowed by cold attacks.
You are immune to the effects of steam.


Message History

Snorg is moderately wounded.
Snorg is engulfed in a cloud of scalding steam.
Snorg misses you. You block Snorg's attack. Snorg claws you!
You puncture Snorg!
Snorg is heavily wounded.
You hit Snorg.
Snorg is heavily wounded.
Snorg is engulfed in a cloud of scalding steam.
Snorg goes berserk!
You puncture Snorg!
Snorg is severely wounded.
Snorg is engulfed in a cloud of scalding steam.
Snorg bites you. Snorg closely misses you. Snorg barely misses you.
Snorg is engulfed in a cloud of scalding steam.
Snorg bites you but does no damage. Snorg closely misses you. Snorg claws you.
You hit Snorg.
Snorg is severely wounded.
Snorg bites you but does no damage. Snorg claws you! You block Snorg's attack.
You puncture Snorg!
Snorg is severely wounded.
You have got your breath back.
Snorg closely misses you. Snorg claws you! Snorg claws you but does no damage.
You hit Snorg. You tail-slap Snorg.
Snorg is almost dead.
You block Snorg's attack. x2; Snorg completely misses you.
Snorg bites you! Snorg closely misses you. Snorg claws you but does no damage.
You puncture Snorg! You tail-slap Snorg!
Snorg is almost dead.
Snorg bites you!!
* * * LOW HITPOINT WARNING * * *
Snorg barely misses you. Snorg claws you but does no damage.
Okay, then.
Okay, then.
You block Snorg's attack. x2; Snorg closely misses you.
Snorg bites you!
* * * LOW HITPOINT WARNING * * *
Snorg claws you.
* * * LOW HITPOINT WARNING * * *
Snorg claws you!
You die...

.. <. # #. ...#
.. #.#. #. # ...
#.. .# ..#
##.#..###.# ..#
..........##..#
##@###<..#
#..T.....#
.........$.......
...##......#.#.##
## #.#......# #
#.#.###### #.#.#
#.#.# #.#


You could see Snorg (berserk).

Vanquished Creatures
  Fannar (D:10)
  A boulder beetle (D:12)
  4 two-headed ogres
  4 cyclopes
  2 ugly things
  2 manticores
  A black mamba (shapeshifter) (D:11)
  A gargoyle (D:11)
  2 komodo dragons
  Psyche (D:10)
  3 trolls
  Grinder (D:3)
  A slime creature (D:8)
  4 wyverns
  4 vampires
  2 wraiths
  A shadow (D:11)
  11 yaks
  A basilisk (D:8)
  4 steam dragons
  8 vampire mosquitoes
  4 acid dragons
  3 water moccasins
  A necrophage (D:2)
  2 ice beasts
  3 orc warriors
  2 sky beasts
  A black bear (D:4)
  2 ogres
  2 phantoms (D:6)
  9 centaurs
  3 kobold brigands
  6 bullfrogs
  3 scorpions
  A gnoll sergeant (D:9)
  2 water moccasin skeletons
  5 killer bees (D:10)
  4 wights
  2 howler monkeys
  3 centaur zombies
  6 orc priests
  3 jellies
  A centaur skeleton (D:4)
  5 hounds
  A gnoll shaman (D:7)
  4 iguanas
  2 bullfrog skeletons
  7 orc wizards
  A hound skeleton (D:4)
  2 howler monkey zombies (D:8)
  Robin (D:3)
  9 gnolls
  8 adders
  An adder skeleton (D:4)
  5 dart slugs
  26 orcs
  7 bats
  3 endoplasms
  2 giant cockroaches (D:2)
  9 goblins
  9 hobgoblins
  2 jackals (D:4)
  19 kobolds
  3 quokkas
  4 ball pythons (D:2)
  3 frilled lizards
  2 rats
262 creatures vanquished.

Vanquished Creatures (others)
  2 kobolds (D:10)
  5 fungi (D:8)
  22 plants (D:8)
29 creatures vanquished.

Grand Total: 291 creatures vanquished

Notes
Turn   | Place    | Note
-------+----------+-------------------------------------------
     0 | D:1      | Lekart the Draconian Fighter began the quest for the Orb.
     0 | D:1      | Reached XP level 1. HP: 19/19 MP: 1/1
   182 | D:1      | Reached XP level 2. HP: 13/26 MP: 2/2
   619 | D:1      | Got the Compendium of Summoning and the Mountains
   951 | D:2      | Reached XP level 3. HP: 32/33 MP: 3/3
   954 | D:2      | Learned a level 2 spell: Passwall
  1035 | D:2      | Reached skill level 4 in Fighting
  1492 | D:2      | Noticed a necrophage
  1502 | D:2      | Killed a necrophage
  1503 | D:2      | Reached XP level 4. HP: 29/41 MP: 4/4
  1503 | D:2      | Reached XP level 5. HP: 34/47 MP: 5/5
  1988 | D:2      | Reached skill level 5 in Fighting
  2398 | D:3      | Noticed Grinder
  2398 | D:3      | Paralysed by Grinder for 2 turns
  2415 | D:3      | Killed Grinder
  2416 | D:3      | Reached XP level 6. HP: 15/56 MP: 6/6
  2664 | D:3      | Found a faded altar of an unknown god.
  2818 | D:3      | Noticed Robin
  2837 | D:3      | Killed Robin
  3085 | D:4      | Your scales start taking on a pale cyan-grey colour.
  3085 | D:4      | Reached XP level 7. HP: 62/62 MP: 7/7
  3085 | D:4      | Gained mutation: You are immune to the effects of steam.
                  | [Pale Draconian growth]
  3124 | D:4      | Reached skill level 5 in Long Blades
  3250 | D:4      | Reached skill level 6 in Fighting
  3250 | D:4      | Reached skill level 1 in Polearms
  3405 | D:4      | Identified the +7 trident of the Throat {protect, rPois
                  | Str+6 Dex+3}
  3837 | D:5      | Entered Level 5 of the Dungeon
  3991 | D:5      | Reached XP level 8. HP: 71/71 MP: 8/8
  4819 | D:6      | Found a staircase to the Ecumenical Temple.
  4839 | Temple   | Entered the Ecumenical Temple
  4894 | Temple   | Became a worshipper of the Shining One
  5118 | D:6      | Reached skill level 7 in Fighting
  5121 | D:6      | Noticed a two-headed ogre
  5131 | D:6      | Killed a two-headed ogre
  5132 | D:6      | Reached skill level 5 in Polearms
  5132 | D:6      | Reached skill level 1 in Spellcasting
  5132 | D:6      | Reached skill level 1 in Transmutations
  5132 | D:6      | Reached skill level 1 in Earth Magic
  5132 | D:6      | Reached skill level 1 in Invocations
  5132 | D:6      | Reached XP level 9. HP: 49/79 MP: 8/11
  5590 | D:6      | Learned a level 2 spell: Wereblood
  6315 | D:7      | Reached skill level 5 in Dodging
  6975 | D:7      | Reached skill level 8 in Fighting
  7159 | D:8      | Found Liddacue's Weapon Shoppe.
  7267 | D:8      | Reached * piety under the Shining One
  7440 | D:7      | Reached XP level 10. HP: 71/88 MP: 14/14
  7743 | D:8      | Noticed a cyclops
  7743 | D:8      | Noticed a brown ugly thing
  7747 | D:8      | Killed a cyclops
  7756 | D:8      | Killed a brown ugly thing
  7757 | D:8      | Reached skill level 5 in Shields
  8088 | D:8      | Found a staircase to the Lair.
  8742 | D:8      | Reached skill level 9 in Fighting
  9023 | D:9      | Noticed a two-headed ogre
  9033 | D:9      | Killed a two-headed ogre
  9155 | D:9      | Reached XP level 11. HP: 97/97 MP: 15/17
  9254 | D:9      | Reached skill level 5 in Invocations
  9522 | D:9      | Reached ** piety under the Shining One
  9881 | D:10     | Entered Level 10 of the Dungeon
 10030 | D:10     | Noticed Fannar
 10049 | D:10     | Killed Fannar
 10651 | D:10     | Noticed Psyche
 10657 | D:10     | Reached skill level 5 in Earth Magic
 10666 | D:10     | Killed Psyche
 10719 | D:10     | Found a shimmering altar of Xom.
 10720 | D:10     | Found a shimmering altar of Xom.
 10723 | D:10     | Found a shimmering altar of Xom.
 11033 | D:10     | Reached skill level 5 in Transmutations
 11660 | D:11     | Noticed a two-headed ogre
 11670 | D:11     | Killed a two-headed ogre
 11671 | D:11     | Reached skill level 10 in Fighting
 11904 | D:11     | Noticed a two-headed ogre
 11916 | D:11     | Killed a two-headed ogre
 11917 | D:11     | Reached XP level 12. HP: 47/106 MP: 19/19
 12248 | D:11     | Reached *** piety under the Shining One
 12258 | D:11     | Reached skill level 5 in Spellcasting
 12296 | D:11     | Found a transporter.
 12306 | D:11     | Noticed Astera's ghost (journeyman TeGl)
 12318 | D:11     | Found a transporter.
 12389 | D:11     | Found a staircase to the Orcish Mines.
 13730 | D:12     | Noticed a boulder beetle
 13746 | D:12     | Killed a boulder beetle
 14193 | D:13     | Noticed Snorg
 14218 | D:13     | Slain by Snorg

Illustrated notes

Levels and vault maps discovered:
D:1:      saegor_arrival_fortress, layout_rooms, grunt_decor_junction,
          minmay_misc_feat_enclosed
D:2:      minmay_chambers_of_ones, layout_basic, minmay_fountain_box,
          minmay_misc_feat_more_columns, palyth_stone_intersect,
          minmay_stone_trees_small
D:3:      layout_basic, ebering_ecumenical_altar_hall, uniq_robin, uniq_grinder
D:4:      layout_basic, small_statue_intersection
D:5:      layout_gridville
D:6:      layout_loops_corners, minmay_temple_entry_large_hall,
          grunt_ministairs_10
D:7:      layout_loops_ring, item_on_display_a
D:8:      minmay_ornate_pinched, layout_basic, minmay_lair_entry_grove,
          serial_shops, nicolae_shop_trees, nrook_campfire
D:9:      layout_cave_pools
D:10:     layout_basic, xom_redecorated, uniq_psyche, uniq_fannar
D:11:     layout_loops_ring, orc_0_dummy, gammafunk_ghost_stat_death,
          minmay_bent
D:12:     layout_gridville
D:13:     layout_basic, skrybe_vaults_entry_preservation, uniq_kirke,
          uniq_snorg, uniq_rupert
Temple:   regret_index_temple_sigil_plot

Skill      XL: |  1  2  3  4  5  6  7  8  9 10 11 12 |
---------------+-------------------------------------+-----
Dodging        | 3 4 5 6 |  6.6
Fighting       | 4 5 6 7 8 9 10 | 10.4
Long Blades    | 3 4 5 |  5.5
Polearms       | 3 5 6 8 9 |  9.8
Shields        | 4 5 6 |  6.1
Spellcasting   | 1 2 4 5 |  5.3
Transmutations | 1 3 4 5 6 |  6.1
Earth Magic    | 1 3 4 6 |  6.3
Invocations    | 1 3 4 6 |  6.8
Evocations     | |  0.4

Action                   |  1- 3 |  4- 6 |  7- 9 | 10-12 || total
-------------------------+-------+-------+-------+-------++-------
Melee: Long sword        |    97 |    71 |       |       ||   168
       Tailslap          |     7 |    10 |    39 |    83 ||   139
       Trident           |       |    18 |   259 |   464 ||   741
 Cast: Wereblood         |       |       |     3 |     7 ||    10
 Abil: Breathe Steam     |       |       |     5 |    10 ||    15
Evoke: Wand              |       |       |       |     8 ||     8
  Use: Potion            |     2 |     1 |       |     4 ||     7
       Scroll            |       |     6 |     9 |     2 ||    17
 Stab: Sleeping          |     3 |       |     1 |       ||     4
Armor: Skin              |    32 |    22 |    84 |   134 ||   272
Dodge: Dodged            |    66 |    40 |   144 |   287 ||   537
Block: Buckler           |    22 |    18 |    76 |   148 ||   264

Table legend: (Time is in decaauts)
 A = Elapsed time spent in this place.
 B = Non-inter-level travel time spent in this place.
 C = Inter-level travel time spent in this place.
 D = Time resting spent in this place.
 E = Time spent auto-exploring this place.
 F = Levels seen in this place.
 G = Mean time per level.
                   A        B        C        D        E       F      G
               +--------+--------+--------+--------+--------+-----+--------+
         Total |  14282 |  13876 |    406 |   2277 |   9699 |  14 | 1020.1 |
       Dungeon |  14164 |  13789 |    375 |   2277 |   9670 |  13 | 1089.5 |
        Temple |    117 |     86 |     31 |      0 |     29 |   1 |  117.0 |
               +--------+--------+--------+--------+--------+-----+--------+

Top non-repeatable levels by time:
     D:8: 1839 daAuts
    D:10: 1642 daAuts
     D:6: 1384 daAuts
    D:11: 1352 daAuts
    D:12: 1302 daAuts
     D:2: 1187 daAuts
     D:3: 1023 daAuts
     D:5: 981 daAuts
     D:7: 966 daAuts
     D:1: 886 daAuts
     D:4: 807 daAuts
     D:9: 773 daAuts
  Temple: 117 daAuts
    D:13: 16 daAuts
